[Event "Early Titled Tuesday Blitz | February 8 2022"]
[White "Pakleza, Zbigniew"]
[Black "Atzl, Florian"]
[WhiteFideId "1119290"]
[BlackFideId "1635891"]
[WhiteElo "2467"]
[BlackElo "2085"]
[Result "1-0"]
[Round "01"]
[TimeControl "180+1"]
[Date "2022.02.08"]
[WhiteClock "0:00:25"]
[BlackClock "0:00:38"]

1. d4 Nf6 2. Nf3 c5 3. c3 Qc7 4. Bg5 Nc6 5. e3 g6 6. Nbd2 Bg7 7. Be2 d6 8. h3 O-O 9. O-O Re8 10. Bh4 e5 11. Bg3 cxd4 12. cxd4 e4 13. Ne1 Bf5 14. Rc1 Qd7 15. Nc4 Bf8 16. Nc2 Rac8 17. N2a3 Nb4 18. Qb3 d5 19. Ne5 Qe6 20. Nb5 Rxc1 21. Rxc1 Rc8 22. Rxc8 Qxc8 23. Nc3 Be6 24. Bh4 Nd7 25. Nxd7 Qxd7 26. a3 Nc6 27. Na4 b6 28. Bb5 Qc8 29. Nc3 Na5 30. Qa4 Qc7 31. Bg3 Bd6 32. Bxd6 Qxd6 33. Bf1 Bd7 34. Qb4 Qe6 35. Bb5 Nc6 36. Qa4 Kg7 37. Bxc6 Qxc6 38. Qxa7 Be6 39. Qb8 h5 40. Qe5+ Kg8 41. a4 Qa8 42. Qd6 Qa5 43. Kh2 Qa7 44. Nxd5 Bxd5 45. Qxd5 Qxa4 46. Qd8+ Kg7 47. Qxb6 Qd7 48. Qc5 Qb7 49. b4 Qb8+ 50. Qe5+ Qxe5+ 51. dxe5 Kf8 52. Kg3 Ke7 53. Kf4 Kd7 54. Kxe4 Kc6 55. e6 fxe6 56. Ke5 Kb5 57. Kxe6 Kxb4 58. Kf6 Kc3 59. Kxg6 Kd3 60. Kxh5 Ke2 61. g4 Kf3 62. g5 Ke2 63. g6 Kf1 64. g7 Ke2 65. f4 Kf3 66. f5 Ke4 67. f6 Kf5 68. f7 Ke6 69. f8=Q Ke5 70. g8=Q Ke4 71. Qf4+ Kd3 1-0


[Site "https://www.chess.com"]

[Event "Early Titled Tuesday Blitz | February 8 2022"]
[White "Papp, Petra"]
[Black "Sadhwani, Raunak"]
[WhiteFideId "739049"]
[BlackFideId "35093487"]
[WhiteElo "2259"]
[BlackElo "2616"]
[Result "0-1"]
[Round "01"]
[TimeControl "180+1"]
[Date "2022.02.08"]
[WhiteClock "0:00:02"]
[BlackClock "0:01:29"]

1. d4 Nf6 2. c4 g6 3. Nc3 Bg7 4. e4 d6 5. h3 O-O 6. Be3 c5 7. Nf3 cxd4 8. Nxd4 Nc6 9. Be2 Bd7 10. O-O Rc8 11. Rc1 a6 12. b3 Nxd4 13. Bxd4 Bc6 14. Nd5 Nxe4 15. Bxg7 Kxg7 16. Qd4+ Nf6 17. Nxf6 exf6 18. Bg4 Rc7 19. Rfd1 h5 20. Be2 Re7 21. Bf1 Re6 22. b4 Qd7 23. Qb6 Qe7 24. b5 Be4 25. Qd4 Bf5 26. a4 Rd8 27. g3 Rc8 28. h4 Bg4 29. Rd2 Rc5 30. a5 axb5 31. Rb2 bxc4 32. Bxc4 d5 33. Rb5 Rxc4 34. Rxc4 dxc4 35. Rb6 Re1+ 36. Kg2 Qe5 37. Qxe5 Rxe5 38. Rb4 Rxa5 39. Rxc4 Be6 40. Rc7 b5 41. f4 b4 42. Kf3 Rb5 43. Rc2 b3 44. Rb2 Rc5 0-1


[Site "https://www.chess.com"]

[Event "Early Titled Tuesday Blitz | February 8 2022"]
[White "Paravyan, David"]
[Black "Suarez Uriel, Adrian"]
[WhiteFideId "4194985"]
[BlackFideId "22230874"]
[WhiteElo "2569"]
[BlackElo "2316"]
[Result "1-0"]
[Round "01"]
[TimeControl "180+1"]
[Date "2022.02.08"]
[WhiteClock "0:02:33"]
[BlackClock "0:01:30"]

1. e4 c5 2. Nf3 Nc6 3. d4 cxd4 4. Nxd4 e5 5. Nb5 d6 6. c4 Be6 7. N1c3 a6 8. Na3 g6 9. Be3 Bg7 10. Be2 Nge7 11. O-O O-O 12. Nc2 f5 13. f3 Rc8 14. Qd2 Qd7 15. Rad1 Rfd8 16. Bb6 Re8 17. Qxd6 Qxd6 18. Rxd6 Bf7 19. Rfd1 Nd4 20. Nxd4 exd4 21. Bxd4 Bxc4 22. Bxc4+ Rxc4 23. Bxg7 Kxg7 24. Rd7 Kh6 25. Rxb7 fxe4 26. Nxe4 Rc2 27. Nf6 Rf8 28. Ng4+ Kg5 29. Rxe7 Rb8 30. Re5+ 1-0


[Site "https://www.chess.com"]

[Event "Early Titled Tuesday Blitz | February 8 2022"]
[White "Pavlidou, Ekaterini"]
[Black "Papasimakopoulos, Alexandros"]
[WhiteFideId "4213262"]
[BlackFideId "4244125"]
[WhiteElo "2127"]
[BlackElo "2340"]
[Result "0-1"]
[Round "01"]
[TimeControl "180+1"]
[Date "2022.02.08"]
[WhiteClock "0:00:31"]
[BlackClock "0:00:18"]

1. d4 e6 2. c4 Nf6 3. Nf3 c5 4. d5 b5 5. cxb5 exd5 6. Bg5 Bb7 7. e3 Be7 8. Nbd2 O-O 9. Bd3 a6 10. a4 axb5 11. axb5 Rxa1 12. Qxa1 d6 13. Qb1 Nbd7 14. O-O h6 15. Bh4 Ne5 16. Bc2 Qb6 17. b4 Nxf3+ 18. Nxf3 Rb8 19. bxc5 dxc5 20. Ba4 Ra8 21. Bc2 Rb8 22. Ba4 Qa5 23. Qc2 Ra8 24. Ra1 d4 25. Ne5 dxe3 26. Nxf7 exf2+ 27. Bxf2 Be4 28. Qc1 Qb4 29. Ne5 Rxa4 30. Rxa4 Qxa4 31. b6 Qb5 32. Bh4 Qxb6 33. Bxf6 Bxf6 34. Qc4+ Kh8 35. Qxe4 c4+ 36. Kf1 Bxe5 37. Qxe5 Qb1+ 38. Kf2 Qc2+ 39. Kf1 c3 40. h3 Qd3+ 41. Kf2 c2 42. Qb8+ Kh7 43. Qc7 Qd2+ 0-1


[Site "https://www.chess.com"]

[Event "Early Titled Tuesday Blitz | February 8 2022"]
[White "Peatman, Carter"]
[Black "Rustemov, Alexander"]
[WhiteFideId "2096480"]
[BlackFideId "4119002"]
[WhiteElo "2429"]
[BlackElo "2820"]
[Result "0-1"]
[Round "01"]
[TimeControl "180+1"]
[Date "2022.02.08"]
[WhiteClock "0:00:03"]
[BlackClock "0:00:23"]

1. d4 d5 2. Bf4 Nf6 3. e3 e6 4. Nf3 Bd6 5. Bg3 O-O 6. c4 b6 7. Nc3 Bb7 8. Bd3 dxc4 9. Bxc4 Nbd7 10. Qe2 a6 11. Rd1 b5 12. Bb3 Qe7 13. d5 exd5 14. Nxd5 Nxd5 15. Bxd5 Bb4+ 16. Kf1 Bxd5 17. Rxd5 Nf6 18. Rd1 Rfd8 19. h3 Rxd1+ 20. Qxd1 Rd8 21. Qc2 c5 22. Bh4 c4 23. Kg1 Qe4 24. Qxe4 Rd1+ 25. Kh2 Rxh1+ 26. Kxh1 Nxe4 27. Nd4 c3 28. b3 Nc5 29. Nc2 Nd3 30. Kg1 Bd6 31. Kf1 Nc1 32. a4 Nxb3 33. axb5 axb5 34. Ke2 b4 35. Bd8 Nc1+ 36. Kd1 Nd3 37. Ke2 b3 38. Nd4 b2 0-1


[Site "https://www.chess.com"]

[Event "Early Titled Tuesday Blitz | February 8 2022"]
[White "Petesch, Gabriel"]
[Black "parintele_chess"]
[WhiteFideId "2032465"]
[WhiteElo "2374"]
[BlackElo "2224"]
[Result "0-1"]
[Round "01"]
[TimeControl "180+1"]
[Date "2022.02.08"]
[WhiteClock "0:00:02"]
[BlackClock "0:00:03"]

1. e3 d5 2. Nf3 Nf6 3. c4 e6 4. b3 Be7 5. Bb2 O-O 6. Be2 b6 7. O-O Bb7 8. Nc3 c5 9. cxd5 exd5 10. d4 Nc6 11. Rc1 a6 12. Na4 cxd4 13. Nxd4 Nxd4 14. Qxd4 b5 15. Nc5 Bxc5 16. Rxc5 Rc8 17. Rfc1 Rxc5 18. Rxc5 Qe7 19. Qc3 d4 20. Qxd4 Rd8 21. Qc3 Qe4 22. f3 Qb1+ 23. Qc1 Qxa2 24. b4 Qe6 25. e4 h6 26. Bf1 Qb6 27. Kh1 a5 28. bxa5 Qxa5 29. Bxf6 gxf6 30. Rc7 Ba6 31. Ra7 Qb6 32. Rc7 b4 33. Rc6 Qxc6 34. Qxc6 Bxf1 35. h3 Rb8 36. Qd6 Rb5 37. Qd8+ Kg7 38. Qd2 b3 39. Qb2 Bc4 40. f4 Ra5 41. e5 Ra2 42. exf6+ Kg6 43. Qb1+ Kxf6 44. Qe4 Be6 45. Qe5+ Kg6 46. g4 b2 47. f5+ Kh7 48. Qb5 Ra1+ 49. Kh2 b1=Q 0-1


[Site "https://www.chess.com"]

[Event "Early Titled Tuesday Blitz | February 8 2022"]
[White "Piesik, Piotr"]
[Black "Schut, Han"]
[WhiteFideId "1136194"]
[BlackFideId "1005561"]
[WhiteElo "2232"]
[BlackElo "2057"]
[Result "1-0"]
[Round "01"]
[TimeControl "180+1"]
[Date "2022.02.08"]
[WhiteClock "0:00:45"]
[BlackClock "0:00:04"]

1. Nf3 Nf6 2. g3 g6 3. Bg2 Bg7 4. O-O O-O 5. d4 d5 6. c4 dxc4 7. Na3 c3 8. bxc3 c5 9. Qb3 cxd4 10. cxd4 Nc6 11. Rd1 Nd5 12. Bb2 Na5 13. Qc2 Bg4 14. e4 Nb6 15. Rac1 Rc8 16. Qd3 Rxc1 17. Rxc1 Qd7 18. Bc3 Rc8 19. Nd2 Nc6 20. d5 Nd4 21. f3 Bh3 22. Bxh3 Qxh3 23. Nb3 Nxb3 24. axb3 Bxc3 25. Rxc3 Rxc3 26. Qxc3 Qd7 27. Qc5 e6 28. d6 e5 29. Qxe5 Nc8 30. Nc4 b5 31. Ne3 Nxd6 32. Nd5 Ne8 33. b4 a6 34. Qxe8+ Qxe8 35. Nf6+ Kf8 36. Nxe8 Kxe8 37. Kf2 Kd7 38. Ke3 Kc6 39. Kd4 Kb6 40. e5 a5 41. bxa5+ Kxa5 42. Kc3 Kb6 43. Kb4 Kc6 44. f4 h5 45. h4 Kb6 46. Kc3 Kc5 47. Kd3 b4 48. g4 hxg4 49. f5 g3 50. e6 Kd6 51. exf7 Ke7 52. fxg6 g2 53. g7 g1=Q 54. f8=Q+ 1-0


[Site "https://www.chess.com"]

[Event "Early Titled Tuesday Blitz | February 8 2022"]
[White "Popadic, Dragan"]
[Black "Murzin, Volodar"]
[WhiteFideId "913650"]
[BlackFideId "44155573"]
[WhiteElo "2199"]
[BlackElo "2585"]
[Result "0-1"]
[Round "01"]
[TimeControl "180+1"]
[Date "2022.02.08"]
[WhiteClock "0:01:15"]
[BlackClock "0:00:52"]

1. e4 c6 2. d4 d5 3. Nd2 dxe4 4. Nxe4 Bf5 5. Ng3 Bg6 6. h4 h6 7. Nf3 e6 8. Ne5 Bh7 9. Bc4 Nd7 10. Qe2 Nxe5 11. dxe5 Ne7 12. Bb3 Nd5 13. Bd2 a5 14. a4 Qb6 15. Ne4 Qd4 16. Bxd5 Qxd5 17. Nc3 Qxg2 18. O-O-O Qg6 19. Be3 Bb4 20. Rhg1 Qf5 21. Rxg7 Bxc3 22. bxc3 Qxe5 23. Bd4 Qxe2 0-1


[Site "https://www.chess.com"]

[Event "Early Titled Tuesday Blitz | February 8 2022"]
[White "Pourramezanali, Amirreza"]
[Black "Pniaczek, Marek"]
[WhiteFideId "12511412"]
[BlackFideId "21800421"]
[WhiteElo "2376"]
[BlackElo "2138"]
[Result "1-0"]
[Round "01"]
[TimeControl "180+1"]
[Date "2022.02.08"]
[WhiteClock "0:01:06"]
[BlackClock "0:00:33"]

1. d4 Nf6 2. c4 e6 3. Nf3 d5 4. g3 Be7 5. Bg2 O-O 6. Qc2 dxc4 7. Qxc4 a6 8. Qc2 b5 9. Ne5 Ra7 10. Nd3 Bb7 11. Bxb7 Rxb7 12. e3 Nbd7 13. b4 Nd5 14. a3 f5 15. O-O Rb6 16. Nd2 N7f6 17. Ne5 Bd6 18. Bb2 Bxe5 19. dxe5 Nd7 20. Bd4 Rb8 21. Qc6 N7b6 22. Qxe6+ Kh8 23. Qc6 f4 24. exf4 Nxf4 25. Be3 Nd3 26. Qe4 Re8 27. f4 Na4 28. Bd4 c5 29. Qxd3 cxd4 30. Nf3 Nc3 31. Ng5 Qd5 32. Qxh7# 1-0


[Site "https://www.chess.com"]

[Event "Early Titled Tuesday Blitz | February 8 2022"]
[White "Praggnanandhaa R"]
[Black "Rozhkov, Viacheslav"]
[WhiteFideId "25059530"]
[BlackFideId "4181484"]
[WhiteElo "2599"]
[BlackElo "2324"]
[Result "1-0"]
[Round "01"]
[TimeControl "180+1"]
[Date "2022.02.08"]
[WhiteClock "0:01:02"]
[BlackClock "0:00:06"]

1. Nf3 d5 2. e3 e6 3. c4 Nf6 4. Nc3 Be7 5. b3 O-O 6. Bb2 Ne4 7. Qc2 Nxc3 8. Bxc3 Bf6 9. d4 a5 10. Bd3 h6 11. O-O Nc6 12. a3 a4 13. b4 dxc4 14. Bxc4 Ne7 15. e4 g6 16. Rad1 Bg7 17. Ne5 Kh7 18. b5 f6 19. Nd3 f5 20. Ne5 fxe4 21. Qxe4 Rf5 22. Bd3 Nd5 23. Bd2 Bxe5 24. dxe5 Bd7 25. Qg4 Qe7 26. Bxf5 gxf5 27. Qh3 Qg7 28. Rb1 Rg8 29. Rfc1 Be8 30. Rc4 Bh5 31. Rh4 1-0


[Site "https://www.chess.com"]

[Event "Early Titled Tuesday Blitz | February 8 2022"]
[White "Prieto Aranguren, Alain"]
[Black "Ovetchkin, Roman"]
[WhiteFideId "2268906"]
[BlackFideId "4119991"]
[WhiteElo "2235"]
[BlackElo "2409"]
[Result "0-1"]
[Round "01"]
[TimeControl "180+1"]
[Date "2022.02.08"]
[WhiteClock "0:00:22"]
[BlackClock "0:00:43"]

1. d4 Nf6 2. c4 c5 3. d5 b5 4. cxb5 a6 5. bxa6 Bxa6 6. Nc3 g6 7. e4 Bxf1 8. Kxf1 d6 9. g3 Bg7 10. Kg2 O-O 11. Nf3 Nbd7 12. a4 Ra6 13. Qe2 Qa8 14. Nb5 Rxa4 15. Rxa4 Qxa4 16. h4 Qxe4 17. Qxe4 Nxe4 18. h5 Rb8 19. Na7 Nef6 20. Nc6 Re8 21. hxg6 hxg6 22. Rd1 Nb6 23. b4 c4 24. Bb2 Nfxd5 25. Bxg7 Kxg7 26. b5 Ra8 27. Rc1 Ra2 28. Nfd4 e5 29. Nc2 Rb2 30. Na7 Nf6 31. Ne3 d5 32. Nd1 Ra2 33. Nc6 Nfd7 34. Ne3 c3 35. Rxc3 d4 36. Rc2 Rxc2 37. Nxc2 f6 38. Kf3 Kf7 39. Ke4 Ke6 40. Nd8+ Kd6 41. Nf7+ Kc5 42. g4 Kxb5 43. Nh8 Nc5+ 44. Kf3 g5 45. Ng6 Nd5 46. Na3+ Kb4 47. Nb1 e4+ 48. Ke2 Nc3+ 49. Nxc3 dxc3 50. Ne7 Kb3 51. Nc6 c2 52. Nd4+ Kc3 53. Nxc2 Kxc2 54. Ke3 Kd1 0-1


[Site "https://www.chess.com"]

[Event "Early Titled Tuesday Blitz | February 8 2022"]
[White "Przybylski, Wojciech"]
[Black "Matlakov, Maxim"]
[WhiteFideId "1117599"]
[BlackFideId "4168003"]
[WhiteElo "2133"]
[BlackElo "2661"]
[Result "0-1"]
[Round "01"]
[TimeControl "180+1"]
[Date "2022.02.08"]
[WhiteClock "0:00:01"]
[BlackClock "0:00:42"]

1. d4 Nf6 2. Nf3 e6 3. Nbd2 d5 4. g3 c5 5. Bg2 Nc6 6. c3 b6 7. O-O Bb7 8. Re1 cxd4 9. cxd4 Be7 10. a3 O-O 11. Nb3 Rc8 12. Bg5 a5 13. Rc1 Ne4 14. Bxe7 Qxe7 15. Nfd2 Nd6 16. e3 a4 17. Na1 b5 18. Nc2 Na5 19. Bf1 Ndc4 20. Rb1 Rfd8 21. Nb4 e5 22. Nf3 e4 23. Nd2 g6 24. Nxc4 Nxc4 25. Re2 h5 26. Rc2 Kg7 27. Rbc1 h4 28. Qg4 hxg3 29. hxg3 Rh8 30. Bg2 Rh5 31. Re1 Rch8 32. Rce2 f5 33. Qf4 Qf7 34. g4 Rh4 35. f3 Qe7 36. fxe4 Rxg4 37. Qf2 dxe4 38. d5 Ne5 39. Rd1 Nf3+ 40. Kf1 Rh2 41. d6 Qd7 42. Rc2 Rhxg2 43. Rc7 Qxc7 44. dxc7 Rxf2+ 45. Kxf2 Rh4 46. Rd7+ Kf6 47. Nd5+ Ke6 48. Rd8 Rh2+ 49. Kg3 Rc2 50. Rb8 Kxd5 51. Rxb7 Kd6 52. Rb6+ Kxc7 53. Rxg6 Rxb2 0-1


[Site "https://www.chess.com"]

[Event "Early Titled Tuesday Blitz | February 8 2022"]
[White "Rasulov, Vugar"]
[Black "Gatterer, Florian"]
[WhiteFideId "13402390"]
[BlackFideId "811688"]
[WhiteElo "2560"]
[BlackElo "2218"]
[Result "1-0"]
[Round "01"]
[TimeControl "180+1"]
[Date "2022.02.08"]
[WhiteClock "0:01:58"]
[BlackClock "0:00:26"]

1. Nf3 d5 2. c4 d4 3. b4 c5 4. e3 dxe3 5. fxe3 cxb4 6. d4 Nf6 7. a3 bxa3 8. Bxa3 g6 9. Bd3 Bg7 10. O-O O-O 11. Nc3 Nc6 12. Qe2 Re8 13. d5 Nb8 14. Rfc1 Nbd7 15. Kh1 Ng4 16. e4 Nde5 17. Nxe5 Nxe5 18. c5 e6 19. Bb5 Bd7 20. d6 Nc6 21. Qf2 Qf6 22. Qxf6 Bxf6 23. Rab1 Red8 24. Ba4 Rab8 25. Ne2 Na5 26. Bxd7 Rxd7 27. c6 Nxc6 28. Rxc6 1-0


[Site "https://www.chess.com"]

[Event "Early Titled Tuesday Blitz | February 8 2022"]
[White "Redzisz, Michal"]
[Black "Lorparizangeneh, Shahin"]
[WhiteFideId "21816107"]
[BlackFideId "12521604"]
[WhiteElo "1961"]
[BlackElo "2525"]
[Result "0-1"]
[Round "01"]
[TimeControl "180+1"]
[Date "2022.02.08"]
[WhiteClock "0:00:48"]
[BlackClock "0:01:30"]

1. c4 e5 2. Nc3 Bb4 3. g3 Bxc3 4. dxc3 d6 5. Bg2 Nc6 6. Nf3 Be6 7. b3 Qd7 8. e4 Bh3 9. O-O Bxg2 10. Kxg2 f5 11. Re1 fxe4 12. Rxe4 Nf6 13. Re1 O-O 14. Be3 Qf5 15. Nd2 Ng4 16. Qe2 Rf6 17. h3 Nxe3+ 18. fxe3 Raf8 19. Rf1 Qc2 20. Rac1 Qxa2 21. Qd3 e4 22. Qd5+ Kh8 23. Rxf6 Rxf6 24. Rf1 Rxf1 25. Kxf1 Qa1+ 26. Ke2 Qxc3 27. Qxe4 Qe5 28. Qf3 Nd4+ 0-1


[Site "https://www.chess.com"]

[Event "Early Titled Tuesday Blitz | February 8 2022"]
[White "Rodchenkov, Sergey D."]
[Black "Onyshchuk, Volodymyr"]
[WhiteFideId "4168712"]
[BlackFideId "14114038"]
[WhiteElo "2306"]
[BlackElo "2642"]
[Result "0-1"]
[Round "01"]
[TimeControl "180+1"]
[Date "2022.02.08"]
[WhiteClock "0:00:54"]
[BlackClock "0:00:51"]

1. e4 g6 2. d4 Bg7 3. Nc3 d6 4. Nf3 Nf6 5. h3 O-O 6. Be2 a6 7. a4 Nc6 8. O-O e5 9. dxe5 dxe5 10. Be3 Be6 11. Qc1 Qe7 12. Bg5 Rad8 13. Qe3 Nd4 14. Rac1 Qc5 15. Rfd1 Rd6 16. Bd3 Re8 17. Kh1 Nh5 18. Ne2 Qb6 19. Nfxd4 exd4 20. Qf3 h6 21. Bd2 Bd7 22. g4 Nf6 23. b3 Nxe4 24. Bf4 Bc6 25. Kg1 Rf6 26. Bxe4 Rxe4 0-1


[Site "https://www.chess.com"]

[Event "Early Titled Tuesday Blitz | February 8 2022"]
[White "Roman, Rodrigo"]
[Black "Sargsyan, Anna M."]
[WhiteFideId "3701220"]
[BlackFideId "13308130"]
[WhiteElo "2001"]
[BlackElo "2271"]
[Result "0-1"]
[Round "01"]
[TimeControl "180+1"]
[Date "2022.02.08"]
[WhiteClock "0:02:17"]
[BlackClock "0:02:08"]

1. e4 c6 2. Ne2 d5 3. e5 c5 4. d4 Nc6 5. c3 Bf5 6. Ng3 Bxb1 7. Rxb1 e6 8. Be2 cxd4 9. cxd4 Qa5+ 10. Qd2 Bb4 11. Qxb4 Qxb4+ 12. Bd2 Qxd4 13. Bc3 Qh4 14. O-O Nge7 15. Bb5 O-O 16. a4 d4 17. Bd2 Nxe5 18. f4 Ng4 19. h3 Qxg3 20. Rf3 Qh2+ 0-1


[Site "https://www.chess.com"]

[Event "Early Titled Tuesday Blitz | February 8 2022"]
[White "Rudzinska, Michalina"]
[Black "Aditya Mittal"]
[WhiteFideId "1172883"]
[BlackFideId "35042025"]
[WhiteElo "1904"]
[BlackElo "2287"]
[Result "0-1"]
[Round "01"]
[TimeControl "180+1"]
[Date "2022.02.08"]
[WhiteClock "0:00:40"]
[BlackClock "0:00:25"]

1. e3 Nf6 2. d4 g6 3. Nf3 Bg7 4. b3 O-O 5. Bb2 a5 6. a3 b6 7. c4 Bb7 8. Bd3 e6 9. O-O d5 10. Nbd2 Nbd7 11. Re1 Ne4 12. Qc2 f5 13. Ne5 Nxe5 14. dxe5 Qh4 15. Nf3 Qe7 16. h3 c5 17. cxd5 exd5 18. Rad1 Rad8 19. Bb5 g5 20. b4 axb4 21. axb4 g4 22. Nd2 gxh3 23. Nxe4 fxe4 24. g3 c4 25. Kh2 Bxe5 26. Bxe5 Qxe5 27. Rh1 Rd6 28. Kg1 Bc8 29. Qe2 Kg7 30. Kf1 Rdf6 31. Rh2 Qxg3 0-1


[Site "https://www.chess.com"]

[Event "Early Titled Tuesday Blitz | February 8 2022"]
[White "Rytenko, Vsevolod"]
[Black "Volkov, Sergey"]
[WhiteFideId "14133040"]
[BlackFideId "4122763"]
[WhiteElo "2144"]
[BlackElo "2475"]
[Result "0-1"]
[Round "01"]
[TimeControl "180+1"]
[Date "2022.02.08"]
[WhiteClock "0:00:02"]
[BlackClock "0:00:25"]

1. d4 d5 2. Nc3 Nf6 3. Bg5 Nbd7 4. f3 h6 5. Bh4 e6 6. e4 Be7 7. e5 Ng8 8. Bf2 c5 9. f4 cxd4 10. Bxd4 Nb8 11. Nf3 Nc6 12. Bf2 Bb4 13. Be2 Nge7 14. O-O O-O 15. Nb5 a6 16. Nbd4 Bd7 17. c3 Bc5 18. Kh1 Ba7 19. Bd3 Nxd4 20. Nxd4 Nc6 21. Qh5 Nxd4 22. cxd4 Bb5 23. Bxb5 axb5 24. f5 exf5 25. Qxf5 Qc8 26. Qf3 Qe6 27. Be3 Rac8 28. Rac1 b4 29. b3 Rc3 30. Rxc3 bxc3 31. Rc1 Rc8 32. Rc2 Qg6 33. Qe2 Qe4 34. Qf2 b5 35. a3 Rc6 36. b4 Rc4 37. h3 Bxd4 38. Bxd4 Rxd4 39. Rxc3 Rd1+ 40. Kh2 Qxe5+ 41. Qg3 f6 42. Re3 Qxg3+ 43. Kxg3 d4 44. Re8+ Kf7 45. Rb8 Rd3+ 46. Kf4 Rxa3 47. Rxb5 Ra2 48. g3 d3 49. Ke3 d2 50. Ke2 Ra3 51. h4 Rxg3 52. Kxd2 g5 53. hxg5 hxg5 54. Ke2 Rb3 55. Rb8 Kg6 56. b5 Kf5 57. b6 Kg4 58. b7 f5 59. Kf2 Rb2+ 60. Ke3 f4+ 61. Ke4 f3 62. Ke3 Kg3 63. Rg8 Rb3+ 64. Ke4 Rxb7 65. Rxg5+ Kf2 66. Rf5 Rb4+ 0-1


[Site "https://www.chess.com"]

[Event "Early Titled Tuesday Blitz | February 8 2022"]
[White "Salimova, Nurgyul"]
[Black "De Abreu, Roberto N"]
[WhiteFideId "2915138"]
[BlackFideId "14307472"]
[WhiteElo "2185"]
[BlackElo "1996"]
[Result "1-0"]
[Round "01"]
[TimeControl "180+1"]
[Date "2022.02.08"]
[WhiteClock "0:00:09"]
[BlackClock "0:00:04"]

1. d4 Nf6 2. Nf3 c5 3. d5 e6 4. Nc3 exd5 5. Nxd5 Nxd5 6. Qxd5 Nc6 7. c3 d6 8. e4 Be6 9. Qd1 Be7 10. Bd3 Bf6 11. O-O Qe7 12. Re1 O-O-O 13. Bb5 Ne5 14. Nxe5 Bxe5 15. f4 Bf6 16. Be3 h5 17. Rc1 g5 18. f5 Bd7 19. Bxd7+ Rxd7 20. b4 Be5 21. Qd5 g4 22. Rc2 Bxh2+ 23. Kf1 Be5 24. bxc5 h4 25. c6 Rc7 26. cxb7+ Rxb7 27. c4 h3 28. c5 hxg2+ 29. Rxg2 Rh1+ 30. Bg1 Kb8 31. c6 Rb6 32. Rc1 Kc7 33. Ke2 Rb2+ 34. Kf1 Rxg2 35. Kxg2 Rh7 36. Qa5+ Kc8 37. Qa6+ Kd8 38. c7+ Qxc7 39. Rxc7 Kxc7 40. Qxa7+ Kc6 41. Qa8+ Kd7 42. Qb7+ Kd8 43. a4 Rh3 44. Bb6+ Ke8 45. Qc8+ Ke7 46. Qd8# 1-0


[Site "https://www.chess.com"]

[Event "Early Titled Tuesday Blitz | February 8 2022"]
[White "Sarkar, Justin"]
[Black "Mohammad Fahad, Rahman"]
[WhiteFideId "2010011"]
[BlackFideId "10207791"]
[WhiteElo "2038"]
[BlackElo "2323"]
[Result "0-1"]
[Round "01"]
[TimeControl "180+1"]
[Date "2022.02.08"]
[WhiteClock "0:00:03"]
[BlackClock "0:00:58"]

1. d4 d5 2. c4 c6 3. Nf3 Nf6 4. Nc3 e6 5. g3 dxc4 6. Bg2 b5 7. Ne5 Qb6 8. O-O Bb7 9. a4 Be7 10. b3 cxb3 11. Qxb3 b4 12. a5 Qxd4 13. a6 Nxa6 14. Rxa6 Qxe5 15. Bf4 Qxc3 16. Qxc3 bxc3 0-1


[Site "https://www.chess.com"]

[Event "Early Titled Tuesday Blitz | February 8 2022"]
[White "Seemann, Jakub"]
[Black "Komissarov, Alexey"]
[WhiteFideId "21874697"]
[BlackFideId "4176545"]
[WhiteElo "2003"]
[BlackElo "2216"]
[Result "1-0"]
[Round "01"]
[TimeControl "180+1"]
[Date "2022.02.08"]
[WhiteClock "0:00:23"]
[BlackClock "0:00:02"]

1. d4 d5 2. Nf3 Nf6 3. e3 e6 4. c4 c6 5. Nc3 Nbd7 6. Qc2 Bd6 7. Bd3 O-O 8. b3 Qe7 9. Bb2 dxc4 10. bxc4 e5 11. O-O Re8 12. Ne4 Nxe4 13. Bxe4 h6 14. Rfd1 Bc7 15. d5 cxd5 16. cxd5 Nf6 17. Rac1 Bd6 18. Nd2 Bg4 19. f3 Rac8 20. Qa4 Bh5 21. g4 Bg6 22. Bxg6 fxg6 23. Ne4 Nxe4 24. Qxe4 Qf7 25. Kg2 Rf8 26. h3 Rxc1 27. Rxc1 1-0


[Site "https://www.chess.com"]

[Event "Early Titled Tuesday Blitz | February 8 2022"]
[White "Shevchenko, Kirill"]
[Black "Batsiashvili, Nino"]
[WhiteFideId "14129574"]
[BlackFideId "13602993"]
[WhiteElo "2624"]
[BlackElo "2230"]
[Result "1-0"]
[Round "01"]
[TimeControl "180+1"]
[Date "2022.02.08"]
[WhiteClock "0:00:24"]
[BlackClock "0:00:05"]

1. e4 e5 2. d3 Nc6 3. Nc3 Bc5 4. g3 d6 5. Bg2 Be6 6. Nge2 Nge7 7. O-O d5 8. h3 O-O 9. Kh2 f5 10. Bg5 h6 11. exd5 hxg5 12. dxe6 Qd6 13. Nb5 Qd8 14. Qd2 Ng6 15. Qc3 Bb6 16. Qc4 Kh7 17. Nbc3 Qd6 18. Nd5 Rae8 19. Nxb6 axb6 20. Nc3 Rxe6 21. Nb5 Qe7 22. Nxc7 Rd6 23. Nb5 Rdd8 24. Rae1 Qf6 25. Nc7 Rd4 26. Qe6 Rd6 27. Qxf6 gxf6 28. Nd5 Nd4 29. c3 Ne6 30. Ne3 Ne7 31. Nxf5 Nxf5 32. Be4 Ng7 33. g4 Kg6 34. gxf5+ Kf7 35. Re3 Rh8 36. Rg1 Rdd8 37. Rf3 Rd7 38. Kg2 Rh4 39. Kf1 Rh6 40. Ke2 Nh5 41. Kd2 Nf4 42. Rh1 Rh4 43. Re3 Ke7 44. Kc2 Kd6 45. a4 Kc7 46. Rg3 Rdh7 47. Kd2 Nxh3 48. Ke3 Nf4 49. Rgg1 R7h6 50. d4 exd4+ 51. Kxd4 Rxh1 52. Rxh1 Rh4 53. Ke3 Rxh1 54. Bxh1 Nh5 55. Kd4 Ng7 56. Be4 Kd6 57. b4 Kc7 58. Kd5 Kd7 59. Bd3 Ne8 60. Bb5+ Ke7 61. Bxe8 Kxe8 62. Ke6 Kd8 63. Kxf6 Kc7 64. Kxg5 1-0


[Site "https://www.chess.com"]

[Event "Early Titled Tuesday Blitz | February 8 2022"]
[White "Shimelkov, Vasiliy"]
[Black "Pasini, Nicolo"]
[WhiteFideId "13701630"]
[BlackFideId "2809600"]
[WhiteElo "2073"]
[BlackElo "2065"]
[Result "1-0"]
[Round "01"]
[TimeControl "180+1"]
[Date "2022.02.08"]
[WhiteClock "0:01:42"]
[BlackClock "0:00:03"]

1. d4 g6 2. c4 Bg7 3. Nf3 c5 4. d5 b5 5. cxb5 a6 6. bxa6 Nf6 7. Nc3 Bxa6 8. g3 O-O 9. Bg2 d6 10. O-O Nbd7 11. h3 Nb6 12. Re1 Ne8 13. Rb1 Nc7 14. e4 Qd7 15. Bd2 Rfb8 16. Qc2 Nc4 17. a4 Rb7 18. Bc1 Rab8 19. b3 Na5 20. Nd2 c4 21. b4 Rxb4 22. Rxb4 Rxb4 23. Ba3 Rb7 24. Rb1 Bxc3 25. Rxb7 Qxa4 26. Rb8+ Kg7 27. Qxa4 Bxd2 28. Bb4 1-0


[Site "https://www.chess.com"]

[Event "Early Titled Tuesday Blitz | February 8 2022"]
[White "Shukhman, Anna"]
[Black "Tregubov, Pavel V."]
[WhiteFideId "54180058"]
[BlackFideId "4115341"]
[WhiteElo "1628"]
[BlackElo "2341"]
[Result "1-0"]
[Round "01"]
[TimeControl "180+1"]
[Date "2022.02.08"]
[WhiteClock "0:01:34"]
[BlackClock "0:02:15"]

1. e4 e6 2. d4 d5 3. Nc3 Bb4 4. e5 c5 5. a3 Ba5 6. b4 cxd4 7. bxa5 dxc3 8. Qg4 Kf8 9. a4 Nc6 10. Ba3+ Nge7 11. Nf3 Qxa5 12. Bd3 g6 13. Qg5 Qd8 14. Qf6 Kg8 15. Ng5 Qe8 16. g4 h6 17. Nf3 Kh7 18. h4 Ng8 19. Ng5+ 1-0


[Site "https://www.chess.com"]